 Dungeon Crawl Stone Soup version 0.31-a0-188-g5e087ee2ca (webtiles) character file.

Game seed: 6054672726812140899

51 qw the Shooter (level 3, -5/20 HPs)
             Began as a Deep Elf Hunter on June 23, 2023.
             Slain by Grinder (6 damage)
             ... on level 3 of the Dungeon.
             The game lasted 00:00:37 (1524 turns).

qw the Shooter (Deep Elf Hunter)                    Turns: 1524, Time: 00:00:37

Health: -5/20      AC:  5    Str: 10    XL:     3   Next: 58%
Magic:  5/5        EV: 11    Int: 13    God:
Gold:   132        SH:  0    Dex: 18    Spells: 2/2 levels left

rFire   . . .        Y - +0 shortbow
rCold   . . .        (shield currently unavailable)
rNeg    . . .        b - +0 ring mail
rPois   .            (no helmet)
rElec   .            (no cloak)
rCorr   .            (no gloves)
SInv    .            (no boots)
Will    .....        (no amulet)
Stlth   +            (no ring)
HPRegen 0.23/turn    (no ring)
MPRegen 0.09/turn

%: no passive effects
@: about to teleport
A: no striking features
a: no special abilities


You were on level 3 of the Dungeon.
You visited 1 branch of the dungeon, and saw 3 of its levels.

You collected 132 gold pieces.


   Skills:
 - Level 1.5 Fighting
 + Level 7.1 Ranged Weapons
 - Level 2.4 Dodging
 - Level 1.2 Stealth


You had 2 spell levels left.
You didn't know any spells.
Your spell library was empty.

Inventory:

Hand Weapons
 Y - a +0 shortbow (weapon)
Armour
 b - a +0 ring mail (worn)
Scrolls
 a - 4 scrolls of identify
 c - a scroll of poison {unknown}
Potions
 d - 2 potions of brilliance {unknown}
 f - a potion of degeneration {unknown}
 h - a potion of haste

Dungeon Overview and Level Annotations

Branches:
Dungeon (3/15)

Altars:
Fedhas

Shops:
D:1 *

Annotations:
D:3 Grinder


Message History

Found a fuming red potion.
The ball python hisses angrily.
Enter note:
Enter note:
Enter note:
Enter note: You shoot an arrow.
The arrow barely misses Grinder.
The arrow hits the ball python!
You kill the ball python!
Grinder blinks!
You shoot an arrow. The arrow closely misses Grinder.
Grinder says, "DUCK!"
Grinder blinks!
You shoot an arrow. The arrow hits Grinder.
Grinder is moderately wounded.
You shoot an arrow.
The arrow hits Grinder but does no damage.
Grinder is moderately wounded.
Grinder barely misses you.
You shoot an arrow.
The arrow hits Grinder but does no damage.
Grinder is moderately wounded.
Grinder hits you.
You writhe in agony.
You shoot an arrow. The arrow barely misses Grinder.
Grinder says, "Don't move a muscle."
Grinder closely misses you.
Grinder says, "DUCK!"
Grinder hits you.
You writhe in agony.
You shoot an arrow.
The arrow hits Grinder but does no damage.
Grinder is moderately wounded.
Grinder hits you.
You writhe in agony.
1523 ||| READING scroll of teleportation.
As you read the scroll of teleportation, it crumbles to dust.
You feel strangely unstable. Grinder hits you but does no damage.
You shoot an arrow. The arrow hits Grinder!
Grinder is heavily wounded.
Grinder hits you.
You writhe in agony.
You die...

#.###... .. . #. ##.# #####
...!.# #. ####..# .%...# #.
#....## #...... #. ##)####
......# #. ..<# ...)..# # #.
..%# ......# ###. #. ...##.#
######5.....# .....##. ......#
##....@=.....# #......
...########..########### ###....
...# ###....## #..#. ...#
#...#### ######..#. ...###.###
##......... ####...# #..#####...
#..### #.####...#. #.##
###############......###.
##.#####..............)#########


You could see Grinder.

Vanquished Creatures
  5 bats
  5 endoplasms
  A giant cockroach (D:2)
  3 goblins
  8 hobgoblins
  3 jackals (D:2)
  3 kobolds
  2 quokkas (D:1)
  6 ball pythons
  5 frilled lizards
  6 rats
47 creatures vanquished.

Notes
Turn   | Place    | Note
-------+----------+-------------------------------------------
     0 | D:1      | qw the Deep Elf Hunter began the quest for the Orb.
     0 | D:1      | Reached XP level 1. HP: 12/12 MP: 3/3
     0 | D:1      | 0 ||| qw: Version: 0.3-a-9-g12657ce
     0 | D:1      | 0 ||| qw: Game counter: 3998
     0 | D:1      | 0 ||| qw: Always use a shield: true
     0 | D:1      | 0 ||| qw: God list: Okawaru
     0 | D:1      | 0 ||| qw: Allow faded altars: false
     0 | D:1      | 0 ||| qw: Do Orc after D:15 true
     0 | D:1      | 0 ||| qw: Do second Lair branch before Depths: true
     0 | D:1      | 0 ||| qw: Lair rune preference: random
     0 | D:1      | 0 ||| qw: Plans: Normal
     0 | D:1      | 0 ||| PLANNING D:1-11
    32 | D:1      | Found Gasyetup's Assorted Antiques.
    41 | D:1      | 41 ||| SHOPLISTING clear potion (24 gold, have 0).
    41 | D:1      | 41 ||| SHOPLISTING dark potion (24 gold, have 0).
    41 | D:1      | 41 ||| SHOPLISTING embroidered robe (99 gold, have 0).
    41 | D:1      | 41 ||| SHOPLISTING fuming green potion (24 gold, have 0).
    41 | D:1      | 41 ||| SHOPLISTING ring mail (108 gold, have 0).
    41 | D:1      | 41 ||| SHOPLISTING runed helmet (202 gold, have 0).
    41 | D:1      | 41 ||| SHOPLISTING scroll labelled DALLAZ OBRUCEJ (27 gold,
                  | have 0).
   121 | D:1      | Found a faded altar of an unknown god.
   184 | D:1      | Reached skill level 6 in Ranged Weapons
   184 | D:1      | Reached XP level 2. HP: 16/16 MP: 4/4
   419 | D:1      | 419 ||| READING 5 scrolls labelled DALLAZ OBRUCEJ.
   420 | D:1      | 420 ||| READING scroll labelled KIVITI ZIVVYUSAUT.
   421 | D:1      | 421 ||| READING scroll labelled CUDDEN JEMOXO.
   522 | D:1      | 522 ||| DRINKING 2 puce potions.
   523 | D:1      | 523 ||| READING 4 scrolls of identify.
   523 | D:1      | 523 ||| IDENTIFYING dark potion
   524 | D:1      | 524 ||| DROPPING scroll of butterflies.
   525 | D:1      | 525 ||| DROPPING potion of attraction.
   714 | D:2      | Reached XP level 3. HP: 20/20 MP: 5/5
  1111 | D:2      | 1111 ||| UPGRADING to +0 ring mail.
  1121 | D:2      | 1121 ||| DROPPING +0 leather armour.
  1122 | D:2      | 1122 ||| DROPPING +6 ring of intelligence.
  1123 | D:2      | 1123 ||| READING scroll labelled FALAN UMPI.
  1128 | D:2      | 1128 ||| READING scroll labelled RUKIGI KAZOA.
  1149 | D:3      | 1149 ||| STAIRDANCE
  1290 | D:3      | Found a blossoming altar of Fedhas.
  1316 | D:3      | Reached skill level 7 in Ranged Weapons
  1511 | D:3      | Noticed Grinder
  1522 | D:3      | HP: 4/20 [Grinder (4)]
  1523 | D:3      | 1523 ||| READING scroll of teleportation.
  1524 | D:3      | HP: 1/20 [Grinder (3)]
  1524 | D:3      | Slain by Grinder

Levels and vault maps discovered:
D:1:      spicycebolla_arrival_clurvy, layout_rooms, serial_shops, shop,
          hellmonk_ecumenical_altar_zigzags
D:2:      layout_basic, minmay_misc_feat_cross
D:3:      layout_rooms, lemuel_doored_altar, uniq_grinder

Skill      XL: |  1  2  3 |
---------------+----------+-----
Ranged Weapons | 6 7 |  7.1
Fighting       | |  1.5
Dodging        | |  2.4
Stealth        | |  1.2

Action                     || total
---------------------------++-------
   Fire: Shortbow          ||   132
    Use: Scroll            ||     7
         Potion            ||     1
 Armour: Leather armour    ||     4
         Ring mail         ||    11
  Dodge: Dodged            ||    25

Table legend:
 A = Non-vault XP
 B = Vault XP
 C = Vault XP percentage of total XP
 D = Non-vault monster count
 E = Vault monster count
 F = Vault count percentage of total count
                 A         B        C        D         E       F
            +---------+---------+-------+---------+---------+-------
      Total |      74 |       0 |   0.0 |      47 |       0 |   0.0
            +---------+---------+-------+---------+---------+-------
        D:1 |      22 |       0 |   0.0 |      15 |       0 |   0.0
        D:2 |      31 |       0 |   0.0 |      18 |       0 |   0.0
        D:3 |      21 |       0 |   0.0 |      14 |       0 |   0.0
            +---------+---------+-------+---------+---------+-------
